[Event "44th Chess Olympiad Open 2022"]
[Site "Chennai"]
[Date "2022.08.05"]
[Round "7.75"]
[White "Alrehaili, Ahmed Abdullah S"]
[Black "Dabuae, David"]
[Result "1-0"]
[ECO "C55"]
[WhiteElo "1986"]
[BlackElo "1707"]
[Annotator "TA"]
[PlyCount "97"]
[EventDate "2022.07.29"]
[EventType "team-tourn"]
[EventCountry "IND"]
[SourceTitle "playchess.com"]
[Source "ChessBase"]
[SourceQuality "1"]
[WhiteTeam "KSA"]
[BlackTeam "NRU"]
[TimeControl "40/5400+30:1800+30"]

1. e4 e5 2. Nf3 Nc6 3. Bc4 Be7 4. d3 Nf6 5. O-O O-O 6. Re1 d6 7. c3 h6 8. Nbd2 Na5 {[%emt 0:00:40] C55: Two Knights: 4 d3, 4 d4 exd4 5 e5 and Max Lange Attack.} 9. Bb5 c6 10. Ba4 b5 {[%emt 0:00:31] White has an edge.} 11. Bc2 Bg4 12. h3 Bh5 13. Nf1 Qc7 14. Ng3 Bg6 {[%emt 0:00:05] [#]} 15. Nh4 $146 ({Predecessor:} 15. a4 a6 16. Nh4 Nh7 17. Nxg6 fxg6 18. Qg4 Bg5 19. axb5 cxb5 20. Qe6+ Kh8 21. Qxg6 {1-0 (52) Areshchenko,A (2650)-Khadzh Khamed,N (2000) Alushta 2008}) 15... Nh7 16. Nhf5 Bf6 17. h4 {[%emt 0:01:27] White is more active.} Rad8 (17... c5 $142) 18. Qg4 Qd7 (18... Kh8 $16 {might work better.} 19. a4 Bxf5 20. Nxf5 h5) 19. a4 $18 {[%emt 0:03:18] Black must now prevent axb5.} b4 20. cxb4 Nb7 21. Be3 c5 22. Bb3 Kh8 23. b5 Rg8 (23... Bxf5 $142 24. Nxf5 h5) 24. h5 Bxf5 25. Qxf5 ({Don't play} 25. Nxf5 Bg5 26. Rf1 Nf6) 25... Qe7 26. a5 {[%emt 0:03:21] Threatens to win with a6.} Rdf8 $2 (26... Rb8 27. b6 Nd8) 27. Bd5 Nd8 28. b6 Ng5 (28... Bg5 $142 29. a6 Ne6) 29. bxa7 {[%emt 0:04:32] White is clearly winning.} Qxa7 30. b4 Nde6 31. b5 Nf4 32. b6 Qe7 33. Bxf4 exf4 {[%emt 0:00:09] [#]} 34. Qxf4 Be5 {[%emt 0:03:09] [#]} (34... Bxa1 35. Rxa1) 35. Qd2 Qf6 36. Ra3 Ne6 37. a6 Bd4 38. a7 c4 39. a8=Q Rxa8 40. Rxa8 c3 41. Rxg8+ Kxg8 42. Qa2 {[%emt 0:00:00] b7 is the strong threat.} Bxb6 43. Bxe6 fxe6 44. e5 dxe5 45. Ne4 Qf5 46. Nxc3 Bd4 47. Qa8+ Kh7 48. Ne4 {[%emt 0:00:12] Threatening mate with Rb1.} Qxh5 49. Qf8 {[%emt 0:00:53] Black did not feel at home in the position after the opening.  Weighted Error Value: White=0.17 (very precise) /Black=0.41} 1-0

[Event "44th Chess Olympiad Open 2022"]
[Site "Chennai"]
[Date "2022.08.05"]
[Round "7.75"]
[White "Alharthi, Ahmed Mohammed A"]
[Black "Dabuae, Thubalkain"]
[Result "1-0"]
[ECO "A47"]
[WhiteElo "1935"]
[BlackElo "1941"]
[Annotator "TA"]
[PlyCount "85"]
[EventDate "2022.07.29"]
[EventType "team-tourn"]
[EventCountry "IND"]
[SourceTitle "playchess.com"]
[Source "ChessBase"]
[SourceQuality "1"]
[WhiteTeam "KSA"]
[BlackTeam "NRU"]
[TimeControl "40/5400+30:1800+30"]

1. d4 Nf6 2. Bf4 e6 3. e3 b6 4. Nd2 Bb7 5. Ngf3 g6 6. Bd3 {[%emt 0:02:36] A47: 1 d4 Nf6 2 Nf3 b6: Torre, London and Colle Systems.} Bg7 {[%emt 0:00:19] [#]} 7. h4 $146 ({Predecessor:} 7. e4 O-O 8. c3 d6 9. h3 Nbd7 10. O-O e5 11. Bg5 h6 12. Bh4 Re8 13. Re1 {0-1 (40) Demchenko,A (2641)-Oparin,G (2652) Chess.com INT 2020}) 7... h6 8. c3 {[%emt 0:12:08] The position is equal.} d5 (8... d6 $11) 9. Qc2 (9. Ne5 {is more complex.} c5 10. Qf3 Nbd7 11. g4) 9... Nbd7 (9... c5 {keeps more tension.} 10. Bb5+ Nbd7 11. Ne5 a6) 10. g4 c5 {[%emt 0:06:09] [#]} (10... Qe7 $14) 11. Bd6 (11. g5 $1 $16 hxg5 12. Nxg5) 11... Bf8 12. Bxf8 (12. Be5 $5) 12... Nxf8 (12... Kxf8 $11 {keeps the balance.} 13. Rg1 h5) 13. Ne5 c4 14. Be2 N8d7 15. O-O-O Nxe5 16. dxe5 Nd7 17. f4 Qc7 18. Nf3 O-O-O 19. Nd4 {[%emt 0:02:35] aiming for Nb5.} a6 {[%emt 0:01:27] Inhibits Nb5.} 20. b4 cxb3 $1 21. axb3 Kb8 22. Kb2 Rc8 23. Ra1 b5 24. Rhc1 Qb6 25. b4 g5 (25... Qd8 $11) 26. h5 $16 ({Much worse is} 26. hxg5 hxg5 27. Rh1 Rxh1 28. Rxh1 Qc7 $11) 26... f6 ({Better is} 26... Qd8 $14) 27. exf6 e5 28. fxe5 {[%emt 0:00:36] 0x0.00144ee0b3d6dp-1022s more active pieces.} Nxe5 29. Qf5 Qc7 {[%emt 0:01:01] Loses the game.} (29... Qd6 $16 {might work better.}) 30. Ne6 $18 {[%emt 0:01:14][%cal Bd4e6,Be6c5,Bc5d7][%mdl 32] Chess con chili.} Qd6 31. Nc5 Rhf8 $2 {[%emt 0:01:54] [#]} (31... Rcd8 32. Rf1 Nd7 33. Nxb7 Kxb7) 32. Qxe5 $3 {[%emt 0:00:45][%mdl 512] White is clearly winning.} Qxe5 33. Nd7+ Kc7 34. Nxe5 Rxf6 35. Rf1 Rcf8 36. Nd3 Bc8 37. Rxf6 Rxf6 38. Kc2 Kd6 39. Kd2 Re6 40. Rf1 Ke7 41. Rf5 Kd6 42. Rf8 Bd7 43. Nc5 {[%emt 0:00:31] Weighted Error Value: White=0.14 (very precise) /Black=0.35} 1-0

[Event "44th Chess Olympiad Open 2022"]
[Site "Chennai"]
[Date "2022.08.05"]
[Round "7.75"]
[White "Depaune, Ricko"]
[Black "Al Mutairi, Abdullah F"]
[Result "0-1"]
[ECO "D10"]
[WhiteElo "1726"]
[BlackElo "1916"]
[Annotator "TA"]
[PlyCount "56"]
[EventDate "2022.07.29"]
[EventType "team-tourn"]
[EventCountry "IND"]
[SourceTitle "playchess.com"]
[Source "ChessBase"]
[SourceQuality "1"]
[WhiteTeam "NRU"]
[BlackTeam "KSA"]
[TimeControl "40/5400+30:1800+30"]

1. d4 d5 2. c4 c6 3. Bf4 Nf6 4. Nc3 Qb6 5. Qc2 Na6 {[%emt 0:15:20] [#]} (5... Qxd4 $15 6. e3 Qc5) 6. c5 $146 {[%emt 0:01:44] D10: Slav Defence: 3 cxd5 (without early Nf3) and 3 Nc3.} ({Predecessor:} 6. a3 Qxd4 7. e3 Qb6 8. Nf3 Bf5 9. Bd3 Bxd3 10. Qxd3 Nc5 11. Qc2 dxc4 12. O-O {0-1 (26) Belliard Alonzo,J (1627)-Pena Perez,L (2064) Santo Domingo 2016}) 6... Qa5 7. Bd2 (7. e3 {with more complications.} Nh5 8. Bg5 e5 9. Qd1) 7... Qc7 8. Nf3 {[%emt 0:03:16] White is slightly better.} g6 9. a3 b6 (9... e5 $11) 10. e3 (10. e4 $14) 10... bxc5 $11 11. Bxa6 (11. Rc1 $11) 11... Bxa6 $17 12. dxc5 e5 13. b4 (13. Qa4 $1 $15 Bb7 14. Rc1) 13... Bg7 14. a4 e4 $36 {[%emt 0:00:51][%mdl 2048] Black is in control.} 15. Nd4 Bd3 16. Qb2 (16. Qd1 $17) 16... O-O 17. Nce2 Nd7 18. Bc3 Rab8 19. Qa3 Ne5 20. O-O Ng4 {[%emt 0:00:31][%csl Gg4][%cal Rc7h2] [#]} 21. Ng3 (21. g3 $142) 21... h5 (21... Bxf1 $19 22. Rxf1 Rfc8) 22. h3 Nxe3 23. Rfe1 $2 (23. fxe3 $17 Qxg3 24. Nxc6 Bxf1 25. Kxf1 Bxc3 26. Qxc3) 23... Nc4 24. Qb3 e3 {[%emt 0:01:56] White must now prevent ...exf2+.} 25. Nh1 (25. Nf3 exf2+ 26. Kxf2) 25... Be5 $2 (25... Nd2 $19 26. Qd1 Be5) 26. fxe3 $2 (26. Nf3 $17 Bxc3 27. Qxc3) 26... Bh2+ $19 {[%emt 0:03:03] A strong pair of Bishops.} 27. Kf2 h4 28. Nf3 $2 {[%emt 0:00:00] [#]} (28. Qd1 $19 Ne5 29. Ne2) 28... Qg3+ $3 {[%emt 0:01:27][%mdl 512] Weighted Error Value: White=0.83/Black=0.47} 0-1

[Event "44th Chess Olympiad Open 2022"]
[Site "Chennai"]
[Date "2022.08.05"]
[Round "7.75"]
[White "Taleka, Jed Selu"]
[Black "Alzamil, Abdulaziz"]
[Result "0-1"]
[ECO "C27"]
[WhiteElo "1672"]
[BlackElo "1871"]
[Annotator "NA COMBH"]
[PlyCount "116"]
[EventDate "2022.07.29"]
[EventType "team-tourn"]
[EventCountry "IND"]
[SourceTitle "playchess.com"]
[Source "ChessBase"]
[SourceQuality "1"]
[WhiteTeam "NRU"]
[BlackTeam "KSA"]
[TimeControl "40/5400+30:1800+30"]

1. e4 d6 2. Nf3 Nf6 3. Nc3 e5 4. h3 Be7 5. Bc4 O-O 6. d3 c6 7. Bg5 Nbd7 8. Bxf6 Bxf6 9. a3 Nb6 10. Ba2 d5 11. exd5 cxd5 12. O-O Bf5 13. Re1 Re8 14. Qd2 h6 15. Re2 e4 16. dxe4 dxe4 17. Qxd8 Raxd8 18. Rae1 Kf8 19. Nd2 e3 20. Nf3 exf2+ 21. Kxf2 Rxe2+ 22. Rxe2 Rc8 23. g4 Bg6 24. Ne5 Bxe5 25. Rxe5 Bxc2 26. Bd5 Nxd5 27. Rxd5 a6 28. Rd7 b5 29. Rd6 Ra8 30. Ke3 Bb3 31. Kd4 Ke7 32. Rb6 Rd8+ 33. Ke5 f6+ 34. Ke4 Bc2+ 35. Kf4 Rd3 36. g5 hxg5+ 37. Kg4 Rd4+ 38. Kg3 Rd6 39. Rb7+ Kf8 40. Ra7 Bf5 41. Kf3 Rd3+ 42. Ke2 Rd6 43. Ke3 Re6+ 44. Kd4 Bxh3 45. Kc5 g4 46. Nd5 Re5 47. Kd6 Rxd5+ 48. Kxd5 g3 49. Rc7 Bf1 50. Rc3 g2 51. Rg3 Kf7 52. b4 g5 53. Ke4 Kg6 54. Kf3 f5 55. Kf2 f4 56. Rc3 g4 57. Rc5 g3+ 58. Kg1 f3 0-1

[Event "44th Chess Olympiad Open 2022"]
[Site "Chennai"]
[Date "2022.08.05"]
[Round "7.76"]
[White "Mirzaad, S.wahabuddin"]
[Black "Klaas Tokelo"]
[Result "1-0"]
[ECO "D02"]
[WhiteElo "1999"]
[BlackElo "1812"]
[Annotator "TA"]
[PlyCount "71"]
[EventDate "2022.07.29"]
[EventType "team-tourn"]
[EventCountry "IND"]
[SourceTitle "playchess.com"]
[Source "ChessBase"]
[SourceQuality "1"]
[WhiteTeam "Afghanistan"]
[BlackTeam "Lesotho"]
[WhiteTeamCountry "AFG"]
[BlackTeamCountry "LES"]
[TimeControl "40/5400+30:1800+30"]

1. d4 Nf6 2. Bf4 e6 3. e3 Be7 4. Nf3 b6 5. Nbd2 Bb7 6. Bd3 d5 7. O-O {[%emt 0:00:18] D02: 1 d4 d5 2 Nf3 sidelines, including 2...Nf6 3 g3 and 2...Nf6 3 Bf4.} O-O 8. Ne5 Nbd7 9. Qf3 {[%emt 0:01:13] The position is equal.} c5 10. c3 Rc8 11. Rad1 Re8 {[%emt 0:08:45] [#]} ({Better is} 11... Ne8 $14) 12. Qh3 (12. Bxh7+ $1 $16 Nxh7 13. Nxf7 $1 Kxf7 14. Bc7+ Nhf6 15. Bxd8 Rexd8 16. Qg3) 12... a6 $2 {[%emt 0:01:17] [#]} (12... c4 $14 13. Bc2 h6) 13. g4 $146 ({White has to play} 13. Ndf3 $18 {[%cal Oe5f7] Nxf7! is the strong threat.} h6 14. Qg3) ({Predecessor:} 13. Ndf3 Nf8 14. Ng5 b5 15. Ngxf7 Qb6 16. Qg3 Ng6 17. Bxg6 hxg6 18. Qxg6 {1-0 (18) Froes,L (1877)-Albano,R Americana 2009}) 13... Nf8 (13... cxd4 $14 {feels stronger.} 14. exd4 Nf8) 14. Ndf3 {[%emt 0:06:41] 0x0.001e3d1f2174dp-1022s more active pieces.} Ne4 {[%emt 0:00:56] Against Ng5} 15. Bxe4 (15. Qh5 {with more complications.} g6 16. Qh6 c4 17. Bb1) 15... dxe4 16. dxc5 exf3 $2 17. Rxd8 $18 Rexd8 {[%emt 0:01:09] [#]} 18. c6 ({Less strong is} 18. cxb6 f6 $16) ({Not} 18. Nxf3 Rxc5 19. Nd4 Ng6 $16) 18... Bxc6 19. Nxc6 ({Weaker is} 19. Nxf3 Bb7 $14) 19... Rxc6 20. Qxf3 Rdc8 21. Rd1 b5 22. h3 b4 23. cxb4 Bxb4 24. Qe4 Be7 25. Be5 Rc2 $2 (25... h6 26. Qa4 Ng6) 26. Bc3 {[%emt 0:00:33] White is clearly winning.} R2xc3 27. bxc3 Rxc3 28. Qb7 Bh4 29. Qxa6 Rc2 30. Rf1 h6 31. a4 Ng6 32. a5 Ra2 33. Qa8+ Kh7 34. a6 Be7 35. Qb7 Bc5 36. Rc1 {[%emt 0:00:13] Weighted Error Value: White=0.16 (very precise) /Black=0.66} 1-0

[Event "44th Chess Olympiad Open 2022"]
[Site "Chennai"]
[Date "2022.08.05"]
[Round "7.76"]
[White "Sakhawaty, Sepehr"]
[Black "Bokang, Motsamai"]
[Result "1-0"]
[ECO "B13"]
[WhiteElo "1809"]
[BlackElo "1433"]
[Annotator "NA RC COMBH"]
[PlyCount "47"]
[EventDate "2022.07.29"]
[EventType "team-tourn"]
[EventCountry "IND"]
[SourceTitle "playchess.com"]
[Source "ChessBase"]
[SourceQuality "1"]
[WhiteTeam "Afghanistan"]
[BlackTeam "Lesotho"]
[WhiteTeamCountry "AFG"]
[BlackTeamCountry "LES"]
[TimeControl "40/5400+30:1800+30"]

1. e4 c6 2. d4 d5 3. exd5 cxd5 4. Bf4 Nf6 5. c3 Nc6 6. Bd3 e6 7. Nd2 Bd6 8. Bxd6 Qxd6 9. Ngf3 a6 10. O-O Bd7 11. Qe2 O-O 12. Ne5 Bc8 13. f4 b5 14. a3 Na5 15. g4 g6 16. f5 exf5 17. gxf5 Kg7 18. fxg6 fxg6 19. Qg2 Nd7 20. Rxf8 Nxf8 21. Rf1 Ra7 22. Qg5 Ne6 23. Qf6+ Kg8 24. Nf7 1-0

[Event "44th Chess Olympiad Open 2022"]
[Site "Chennai"]
[Date "2022.08.05"]
[Round "7.76"]
[White "Khalema, Sechaba"]
[Black "Sulaiman, Ahmad Ashrafi"]
[Result "1-0"]
[ECO "D10"]
[WhiteElo "1790"]
[BlackElo "1953"]
[Annotator "TA"]
[PlyCount "79"]
[EventDate "2022.07.29"]
[EventType "team-tourn"]
[EventCountry "IND"]
[SourceTitle "playchess.com"]
[Source "ChessBase"]
[SourceQuality "1"]
[WhiteTeam "Lesotho"]
[BlackTeam "Afghanistan"]
[WhiteTeamCountry "LES"]
[BlackTeamCountry "AFG"]
[TimeControl "40/5400+30:1800+30"]

1. d4 d5 2. c4 c6 3. cxd5 cxd5 4. Bf4 Nc6 5. e3 Nf6 6. Nc3 a6 7. Bd3 b5 {[%emt 0:03:12] D10: Slav Defence: 3 cxd5 (without early Nf3) and 3 Nc3.} 8. Rc1 Bd7 9. Nge2 {[%emt 0:00:00] White is more active.} e6 {[%emt 0:00:29] White has an edge.} 10. O-O Be7 {[%emt 0:00:17] [#]} 11. h3 $146 ({Predecessor:} 11. Qd2 O-O 12. Rc2 Nb4 13. Rcc1 Nxd3 14. Qxd3 b4 15. Nb1 Bb5 16. Qd1 Ne4 17. f3 {0-1 (45) Kocsis,P (1371)-Kapas,R (1907) Budapest 2015}) 11... O-O 12. Bb1 Rc8 13. Bh2 g6 14. Nf4 Bd6 15. Nd3 Bxh2+ 16. Kxh2 Rc7 (16... Na5 {is interesting.} 17. Nc5 b4 18. N3a4 Nc4) 17. Kg1 Bc8 18. f3 Qd6 19. f4 Ne4 20. Nxe4 dxe4 21. Nc5 f5 22. a3 Ne7 23. Qd2 Nd5 24. Rc2 (24. Ba2 $14 {is superior.}) 24... g5 $11 25. Ba2 (25. fxg5 {looks sharper.} Qg3 26. Rcc1 Qxe3+ 27. Qxe3 Nxe3 28. Rfe1) 25... gxf4 26. Bxd5 fxe3 27. Bxe6+ Bxe6 28. Qxe3 Bc8 29. Rfc1 {[%emt 0:00:52][%cal Oc5e4] aiming for Nxe4!} Qd5 30. Ne6 {[%emt 0:25:12] [#]} Bxe6 $1 {[%emt 0:06:02][%mdl 8192] This costs Black the game.} 31. Rxc7 $18 {[%emt 0:00:10] White wants to mate with Qg5+.} f4 32. Qc3 Qg5 $2 (32... f3 {might work better.}) 33. Qc6 $1 {[%emt 0:03:51][%csl LRa6,LRe4,LRe6] White is clearly winning.} Bf5 (33... Qd5 $142 34. Rc5 (34. Qxa6 f3 $18) 34... Qxc6 35. R7xc6 Bc4 36. Rg5+ Kh8) 34. Qd5+ Kh8 {[%emt 0:00:37] [#]} 35. Rc8 $3 Qf6 (35... Rxc8 36. Rxc8+) 36. R1c6 Bxc8 37. Rxf6 Rxf6 38. Qd8+ Kg7 39. Qxc8 e3 40. Kf1 {[%emt 0:00:16] Weighted Error Value: White=0.19 (very precise) /Black=0.46} 1-0

[Event "44th Chess Olympiad Open 2022"]
[Site "Chennai"]
[Date "2022.08.05"]
[Round "7.76"]
[White "Tsephe, Lebajoa"]
[Black "Amini, Habibullah"]
[Result "0-1"]
[ECO "A05"]
[WhiteElo "1712"]
[BlackElo "2035"]
[Annotator "TA"]
[PlyCount "76"]
[EventDate "2022.07.29"]
[EventType "team-tourn"]
[EventCountry "IND"]
[SourceTitle "playchess.com"]
[Source "ChessBase"]
[SourceQuality "1"]
[WhiteTeam "Lesotho"]
[BlackTeam "Afghanistan"]
[WhiteTeamCountry "LES"]
[BlackTeamCountry "AFG"]
[TimeControl "40/5400+30:1800+30"]

1. Nf3 Nf6 2. g3 g6 3. Bg2 Bg7 4. O-O O-O 5. d3 c5 6. e4 Nc6 7. c3 d6 8. Nbd2 Nd7 9. h3 {[%emt 0:01:26] A05: Réti Opening: 1 Nf3 Nf6.} Qc7 {[%emt 0:01:10] [#]} 10. a4 $146 ({Predecessor:} 10. Qe2 e6 11. Nh4 Nb6 12. f4 f5 13. Nhf3 e5 14. Nb3 Be6 15. Be3 Rad8 16. Nbd2 Nd7 {1-0 (30) Koukal,O (1495)-Kubosova,J (1614) Kouty nad Desnou 2012}) 10... b6 11. Qe2 {[%emt 0:05:45] The position is equal.} Ba6 12. Nc4 Nde5 13. Nfxe5 Nxe5 14. f4 Nxc4 15. dxc4 Rad8 16. Be3 e6 17. Rfd1 {[%emt 0:01:30] Inhibits d5.} Rfe8 18. Qd3 d5 19. exd5 exd5 20. Bxd5 {[%emt 0:00:00] [#]} Rxd5 $1 21. Qxd5 {[%emt 0:00:00][%cal Oa4a5] Black must now prevent a5!} Rxe3 22. Kf2 {[%emt 0:00:00] This costs White the game.} (22. Qd8+ $15 Qxd8 23. Rxd8+ Bf8 24. Kf2) 22... Re8 $19 23. Qd7 Qxd7 (23... Qb8 $19 24. Qd3 Qc8) 24. Rxd7 $17 Bxc4 25. Re1 {[%emt 0:00:00] Prevents Re2+.} Ra8 26. Ree7 a6 27. Ra7 Rd8 28. Rad7 Rxd7 29. Rxd7 b5 30. axb5 (30. Rc7 $17 {is a better defense.}) 30... axb5 $19 ({Not} 30... Bxb5 31. Rc7 $17) 31. Rc7 Bf8 32. h4 (32. g4 $142) 32... h5 33. Ke3 Be6 34. Kf2 b4 35. cxb4 $2 (35. Ke2) 35... cxb4 {[%emt 0:00:02][%cal Bc5b4,Bb4b3][%mdl 32] [#] aiming for ...b3. Black is clearly winning.} 36. Rc2 b3 37. Rd2 Bg7 {[%emt 0:00:11] Hoping for ...Bf5.} 38. Kf3 Bf5 {[%emt 0:00:44] Weighted Error Value: White=0.61/Black=0.11 (very precise)} 0-1

[Event "44th Chess Olympiad Open 2022"]
[Site "Chennai"]
[Date "2022.08.05"]
[Round "7.77"]
[White "Fancy, Stuart"]
[Black "Namale, Ben Nguku"]
[Result "0-1"]
[ECO "C01"]
[WhiteElo "1984"]
[BlackElo "1962"]
[Annotator "TA"]
[PlyCount "56"]
[EventDate "2022.07.29"]
[EventType "team-tourn"]
[EventCountry "IND"]
[SourceTitle "playchess.com"]
[Source "ChessBase"]
[SourceQuality "1"]
[WhiteTeam "Papua New Guinea"]
[BlackTeam "Kenya"]
[WhiteTeamCountry "PNG"]
[BlackTeamCountry "KEN"]
[TimeControl "40/5400+30:1800+30"]

1. e4 c6 2. d4 d5 3. Nc3 e6 4. Nf3 Nf6 5. exd5 exd5 6. Bd3 Bg4 {[%emt 0:02:12] C01: French: Exchange Variation.} 7. O-O Be7 8. h3 Bh5 {[%emt 0:00:29] The position is equal.} 9. Bf4 O-O 10. Re1 Nbd7 11. g4 Bg6 12. Bxg6 hxg6 13. Ne5 {[%emt 0:01:33] [#]} Nxe5 $146 ({Predecessor:} 13... Re8 14. Qd3 Nf8 15. Re2 Ne6 16. Bg3 Qb6 17. Nxg6 Bb4 18. Nh4 Nxd4 19. Rxe8+ Rxe8 {0-1 (26) Uema,G (1652)-Trott,N (1710) Ivoti 2016}) 14. dxe5 Nh7 (14... Nd7 $15 {is superior.}) 15. Qd3 Ng5 16. Bxg5 Bxg5 17. Rad1 (17. Ne2 $11 {keeps the balance.}) 17... Qe7 18. Re2 Qe6 19. Qg3 Bd8 20. f4 {[%emt 0:01:53] [#]} (20. Kg2 $11) 20... Re8 (20... f6 $1 $17 21. Nb1 fxe5 22. fxe5 Bb6+ 23. Kh1 Rf7) 21. Rf1 Bb6+ (21... Bc7 {feels hotter.} 22. Qh4 b5 23. Kg2 a5) 22. Kh1 d4 23. Ne4 Qxa2 24. Nd6 Qd5+ 25. Kh2 Re7 26. c4 (26. Ne4 $15) 26... dxc3 $1 $19 27. bxc3 Bc7 28. Nxb7 {[%emt 0:03:21] [#]} (28. Ne4 $17 {is more resistant.}) 28... Qb5 {[%emt 0:00:29][%csl LRb7,LRe2] Weighted Error Value: White=0.38/Black=0.16 (very precise)} 0-1

[Event "44th Chess Olympiad Open 2022"]
[Site "Chennai"]
[Date "2022.08.05"]
[Round "7.77"]
[White "Mukoko, Isaac"]
[Black "McCoy, Tom"]
[Result "1-0"]
[ECO "C02"]
[WhiteElo "1805"]
[BlackElo "1812"]
[Annotator "NA RC COMBH"]
[PlyCount "107"]
[EventDate "2022.07.29"]
[EventType "team-tourn"]
[EventCountry "IND"]
[SourceTitle "playchess.com"]
[Source "ChessBase"]
[SourceQuality "1"]
[WhiteTeam "Kenya"]
[BlackTeam "Papua New Guinea"]
[WhiteTeamCountry "KEN"]
[BlackTeamCountry "PNG"]
[TimeControl "40/5400+30:1800+30"]

1. e4 c5 2. c3 e6 3. d4 cxd4 4. cxd4 d5 5. e5 Nc6 6. Nf3 Bb4+ 7. Nc3 Nge7 8. Bd3 Bd7 9. O-O Ng6 10. Ne2 Rc8 11. a3 Be7 12. Bd2 O-O 13. b4 a6 14. Qb3 f6 15. Bxg6 hxg6 16. Qd3 Kf7 17. Nf4 f5 18. Nh3 Rh8 19. Nhg5+ Kg8 20. Rac1 Rh5 21. h4 Qb6 22. g3 Rf8 23. Nh3 Nd8 24. Rfd1 Ba4 25. Re1 Bb5 26. Qc3 Bc4 27. Nf4 Rh6 28. Nd3 Rh5 29. Nf4 Rh6 30. Be3 Nf7 31. Nh3 Rh5 32. Nf4 Rh6 33. Nh3 Rh5 34. Nf4 Rh6 35. Nh3 Qd8 36. Bxh6 gxh6 37. Nf4 Qd7 38. Nxg6 Re8 39. Nxe7+ Qxe7 40. Nd2 b5 41. Qf3 Kh7 42. Nf1 Rg8 43. Kh2 Nh8 44. Ne3 Ng6 45. Ng2 f4 46. h5 fxg3+ 47. fxg3 Nh8 48. Rc2 Nf7 49. Rf2 Ng5 50. Qf6 Qe8 51. g4 Bd3 52. Rc1 Rg7 53. Qf8 Qd7 54. Rc8 1-0

[Event "44th Chess Olympiad Open 2022"]
[Site "Chennai"]
[Date "2022.08.05"]
[Round "7.77"]
[White "Jones, Rupert"]
[Black "Njoroge, Martin"]
[Result "0-1"]
[ECO "B23"]
[WhiteElo "1766"]
[BlackElo "1973"]
[Annotator "TA"]
[PlyCount "88"]
[EventDate "2022.07.29"]
[EventType "team-tourn"]
[EventCountry "IND"]
[SourceTitle "playchess.com"]
[Source "ChessBase"]
[SourceQuality "1"]
[WhiteTeam "Papua New Guinea"]
[BlackTeam "Kenya"]
[WhiteTeamCountry "PNG"]
[BlackTeamCountry "KEN"]
[TimeControl "40/5400+30:1800+30"]

1. e4 c5 2. Nc3 a6 3. g3 b5 4. Bg2 Bb7 5. d3 Nf6 6. Be3 {[%emt 0:00:24] B23: Closed Sicilian: Lines without g3.} d6 7. Nh3 {[%emt 0:05:46] [#]} e5 $146 ({Predecessor:} 7... g6 8. Nf4 e6 9. h4 h5 10. Nh3 Nbd7 11. Ng5 Ng4 12. d4 Nxe3 13. fxe3 Be7 14. Nxf7 Kxf7 {0-1 (31) Splitek,L (1788)-Vorobyov,Y (2214) Hradec Kralove 2010}) 8. O-O {[%emt 0:03:18] The position is equal.} Be7 9. f4 O-O 10. Nf2 Qc7 11. f5 ({Better is} 11. fxe5 $14 dxe5 12. g4) 11... b4 12. Ne2 d5 13. g4 dxe4 14. dxe4 Rd8 15. Qc1 Ne8 16. c3 (16. g5 $5 ) 16... Nc6 17. Qc2 (17. g5 $1 $11) 17... bxc3 $15 18. bxc3 {[%emt 0:02:54] [#]} Na5 ({Black should try} 18... h6 $1 $17) 19. Rad1 (19. g5 $1 $11 {remains equal.}) 19... Nc4 $36 {[%emt 0:01:13][%mdl 2048] Black is in control.} 20. Bc1 h6 {[%emt 0:01:14] Prevents g5.} 21. Qb3 {[%emt 0:01:21] Black must now prevent Rxd8.} Ned6 22. Rd3 Rab8 {[%emt 0:00:49][%cal Ob7e4] Hoping for ...Bxe4!} 23. Qc2 Bh4 24. Rh3 Qe7 25. Ng3 Bg5 {[%emt 0:05:31] Black is more active.} 26. Nh5 Ne8 {[%emt 0:01:57] Against f6} 27. Nd3 Nf6 (27... a5 $17 28. a4 Ba6) 28. Nxf6+ Bxf6 {[%emt 0:06:09] White is now going downhill.} 29. Qa4 Nb6 30. Qc2 c4 31. Nf2 Bc6 32. Be3 (32. g5 $142 Bxg5 33. Bxg5 Qxg5 34. Rg3) 32... Na4 $17 {[%emt 0:01:13] Threatens to win with ...Rb2.} 33. Bc1 {[%emt 0:02:02] Prevents Rb2.} (33. Qc1 $17) 33... Bg5 $19 34. Nd1 Bxc1 35. Qxc1 Qc5+ 36. Kh1 Rd3 37. Rxd3 cxd3 38. Qd2 Qc4 39. Re1 (39. g5 {might work better.}) 39... Rb1 40. Bf3 (40. f6 $142 gxf6 41. h3) 40... Nc5 41. Qg2 {[%emt 0:12:40] [#]} Bxe4 $1 {[%emt 0:04:11][%cal Od3d2][%mdl 512] ...d2! is the strong threat.} 42. Bxe4 (42. Kg1 d2) 42... Nxe4 43. Qxe4 Qxe4+ 44. Rxe4 Rxd1+ {[%emt 0:00:11] Weighted Error Value: White=0.65/Black=0.11 (very precise)} 0-1